3203 views
Uploaded 2019-12-28 23:54:14
Game version 1.32.0.4
23:50 long 3on3 ladder game on (6)ThunderLake_LV
Saved by BEARAND
3203 views
Uploaded 2019-12-28 23:54:14
Game version 1.32.0.4
23:50 long 3on3 ladder game on (6)ThunderLake_LV


108 units @ 17.6k
/ 3.1k
48 buildings @ 7k
/ 2.6k



| Ring of Protection +3 | 1 | 125 |
| total: | 1 | 125g |
| Wisp | 9 | 540 | / | 0 |
| Archer | 11 | 1430 | / | 110 |
| Glaive Thrower | 2 | 420 | / | 130 |
| Huntress | 3 | 585 | / | 60 |
| total: | 25 | 2975g | / | 300w |
| Ancient Protector | 1 | 135 | / | 80 |
| Altar of Elders | 1 | 180 | / | 50 |
| Ancient of War | 1 | 150 | / | 60 |
| Moon Well | 6 | 1080 | / | 240 |
| Hunter's Hall | 1 | 210 | / | 100 |
| Tree of Ages | 1 | 320 | / | 180 |
| Tree of Eternity | 1 | 330 | / | 200 |
| total: | 10 | 1755g | / | 530w |
| 0:12 | Wisp |
| 0:12 | Wisp |
| 0:38 | Altar of Elders |
| 0:55 | Wisp |
| 0:55 | Wisp |
| 0:56 | Wisp |
| 1:25 | Ancient of War |
| 1:56 | Moon Well |
| 2:07 | Moon Well |
| 2:58 | Moon Well |
| 3:14 | Moon Well |
| 3:27 | Archer |
| 3:27 | Archer |
| 3:27 | Archer |
| 3:28 | Archer |
| 3:43 | Moon Well |
| 3:57 | Moon Well |
| 4:04 | Mana Burn |
| 4:13 | Archer |
| 4:13 | Archer |
| 6:09 | Archer |
| 6:09 | Archer |
| 6:09 | Archer |
| 6:10 | Archer |
| 6:14 | Wisp |
| 6:50 | Hunter's Hall |
| 6:57 | Archer |
| 8:12 | Ancient Protector |
| 8:28 | Sentinel |
| 8:32 | Glaive Thrower |
| 8:34 | Glaive Thrower |
| 8:34 | Huntress |
| 8:35 | Huntress |
| 10:21 | Tree of Ages |
| 11:18 | Immolation |
| 11:19 | Evasion |
| 13:53 | Ring of Protection +3 |
| 15:10 | Tree of Eternity |
| 15:24 | Moon Glaive |
| 15:25 | Improved Bows |
| 15:26 | Vorpal Blades |
| 15:59 | Strength of the Moon |
| 16:00 | Strength of the Wild |
| 16:01 | Ultravision |
| 16:02 | Reinforced Hides |
| 16:03 | Moon Armor |
| 17:37 | Marksmanship |
| 18:21 | Huntress |
| 19:50 | Wisp |
| 20:03 | Wisp |
| 20:03 | Wisp |
| 20:17 | Improved Strength of the Moon |
| 20:18 | Improved Reinforced Hides |
| 20:52 | Entangling Roots |
| 20:59 | Searing Arrows |
| Right click | 529 |
| Select | 159 |
| Build/train/purchase | 50 |
| Use ability | 7 |
| Item give/drop | 4 |
| Esc | 2 |

| Peasant | 13 | 975 | / | 0 |
| Footman | 8 | 1080 | / | 0 |
| Gryphon Rider | 12 | 3360 | / | 840 |
| Spell Breaker | 7 | 1505 | / | 210 |
| total: | 40 | 6920g | / | 1050w |
| Altar of Kings | 1 | 180 | / | 50 |
| Farm | 11 | 880 | / | 220 |
| Barracks | 1 | 160 | / | 60 |
| Blacksmith | 1 | 140 | / | 60 |
| Lumber Mill | 1 | 120 | / | 0 |
| Town Hall | 1 | 385 | / | 205 |
| Arcane Vault | 1 | 130 | / | 30 |
| Gryphon Aviary | 2 | 280 | / | 300 |
| Arcane Sanctum | 1 | 150 | / | 140 |
| Keep | 1 | 320 | / | 210 |
| Castle | 1 | 360 | / | 210 |
| total: | 20 | 2425g | / | 1065w |
| 0:02 | Altar of Kings |
| 0:04 | Farm |
| 0:06 | Peasant |
| 0:16 | Peasant |
| 0:25 | Peasant |
| 0:39 | Peasant |
| 0:44 | Farm |
| 0:46 | Peasant |
| 1:09 | Peasant |
| 1:25 | Peasant |
| 1:57 | Peasant |
| 2:06 | Keep |
| 2:10 | Summon Water Elemental |
| 2:18 | Barracks |
| 2:34 | Farm |
| 2:56 | Blacksmith |
| 3:19 | Farm |
| 3:22 | Footman |
| 4:09 | Footman |
| 4:27 | Castle |
| 4:29 | Footman |
| 4:42 | Lumber Mill |
| 5:11 | Footman |
| 5:23 | Farm |
| 5:29 | Gryphon Aviary |
| 5:35 | Gryphon Aviary |
| 6:04 | Brilliance Aura |
| 6:27 | Farm |
| 6:29 | Footman |
| 6:48 | Gryphon Rider |
| 6:54 | Gryphon Rider |
| 6:55 | Footman |
| 7:03 | Farm |
| 7:26 | Iron Forged Swords |
| 7:31 | Gryphon Rider |
| 7:34 | Gryphon Rider |
| 7:55 | Footman |
| 8:14 | Gryphon Rider |
| 8:19 | Gryphon Rider |
| 8:34 | Farm |
| 8:56 | Summon Water Elemental |
| 9:04 | Gryphon Rider |
| 9:10 | Farm |
| 9:15 | Footman |
| 9:49 | Steel Forged Swords |
| 9:54 | Farm |
| 10:50 | Town Hall |
| 11:18 | Arcane Vault |
| 11:28 | Arcane Sanctum |
| 11:46 | Storm Hammers |
| 12:42 | Spell Breaker |
| 12:54 | Farm |
| 13:07 | Spell Breaker |
| 13:36 | Peasant |
| 13:36 | Peasant |
| 13:50 | Spell Breaker |
| 14:15 | Animal War Training |
| 14:19 | Spell Breaker |
| 14:56 | Spell Breaker |
| 15:06 | Mithril Forged Swords |
| 15:12 | Peasant |
| 15:12 | Peasant |
| 15:24 | Spell Breaker |
| 15:46 | Peasant |
| 15:59 | Gryphon Rider |
| 16:06 | Gryphon Rider |
| 16:22 | Iron Plating |
| 17:10 | Spell Breaker |
| 18:57 | Studded Leather Armor |
| 18:57 | Steel Plating |
| 20:04 | Gryphon Rider |
| 20:04 | Gryphon Rider |
| 20:06 | Gryphon Rider |
| 20:54 | Blizzard |
| Select | 366 |
| Right click | 344 |
| Build/train/purchase | 72 |
| Misc. action | 60 |
| Chat | 57 |
| Select group | 11 |
| Minimap ping | 11 |
| Assign group | 3 |
| Use ability | 2 |
| Esc | 1 |

| Acolyte | 9 | 675 | / | 0 |
| Ghoul | 9 | 1080 | / | 0 |
| Abomination | 25 | 6000 | / | 1750 |
| total: | 43 | 7755g | / | 1750w |
| Spirit Tower | 4 | 580 | / | 160 |
| Crypt | 1 | 200 | / | 50 |
| Ziggurat | 13 | 1950 | / | 650 |
| Graveyard | 1 | 215 | / | 0 |
| Altar of Darkness | 1 | 180 | / | 50 |
| Slaughterhouse | 2 | 280 | / | 270 |
| Halls of the Dead | 1 | 320 | / | 210 |
| Black Citadel | 1 | 325 | / | 230 |
| total: | 18 | 2825g | / | 1020w |
| 0:14 | Acolyte |
| 0:14 | Acolyte |
| 0:15 | Acolyte |
| 1:00 | Crypt |
| 1:17 | Ziggurat |
| 1:23 | Ziggurat |
| 1:28 | Ziggurat |
| 1:36 | Graveyard |
| 2:01 | Acolyte |
| 2:10 | Ghoul |
| 2:11 | Ghoul |
| 2:11 | Ghoul |
| 3:15 | Ziggurat |
| 3:30 | Ghoul |
| 3:31 | Ghoul |
| 3:31 | Ghoul |
| 3:47 | Unholy Armor |
| 3:49 | Creature Carapace |
| 3:52 | Unholy Strength |
| 4:58 | Acolyte |
| 5:24 | Altar of Darkness |
| 5:38 | Spirit Tower |
| 5:42 | Spirit Tower |
| 5:44 | Spirit Tower |
| 5:46 | Spirit Tower |
| 5:51 | Ziggurat |
| 6:15 | Halls of the Dead |
| 6:30 | Ziggurat |
| 6:48 | Ziggurat |
| 7:23 | Ghoul |
| 7:23 | Ghoul |
| 7:23 | Ghoul |
| 8:23 | Death Coil |
| 9:38 | Black Citadel |
| 10:10 | Improved Unholy Armor |
| 10:11 | Improved Unholy Strength |
| 10:16 | Advanced Unholy Strength |
| 10:23 | Slaughterhouse |
| 11:50 | Slaughterhouse |
| 12:02 | Abomination |
| 12:03 | Abomination |
| 12:03 | Abomination |
| 12:03 | Abomination |
| 12:04 | Abomination |
| 12:04 | Abomination |
| 12:04 | Abomination |
| 12:04 | Abomination |
| 12:07 | Acolyte |
| 12:38 | Ziggurat |
| 13:04 | Ziggurat |
| 13:07 | Abomination |
| 13:26 | Advanced Unholy Armor |
| 14:09 | Abomination |
| 14:10 | Abomination |
| 15:05 | Abomination |
| 15:06 | Abomination |
| 15:21 | Unholy Aura |
| 16:02 | Acolyte |
| 16:03 | Acolyte |
| 16:03 | Acolyte |
| 16:11 | Abomination |
| 16:11 | Abomination |
| 16:40 | Abomination |
| 17:35 | Abomination |
| 17:36 | Abomination |
| 17:36 | Abomination |
| 19:05 | Ziggurat |
| 19:06 | Ziggurat |
| 19:07 | Ziggurat |
| 19:08 | Ziggurat |
| 20:45 | Abomination |
| 20:45 | Abomination |
| 20:45 | Abomination |
| 20:46 | Abomination |
| 20:51 | Abomination |
| 20:51 | Abomination |
| Right click | 373 |
| Select | 123 |
| Build/train/purchase | 61 |
| Esc | 15 |
| Use ability | 7 |
| Misc. action | 6 |
| Assign group | 3 |
| Select group | 3 |
87 units @ 11.5k
/ 1.5k
194 buildings @ 14.3k
/ 7.9k


| Healing Salve | 1 | 100 |
| Orb of Lightning | 2 | 750 |
| Boots of Speed | 2 | 500 |
| Staff of Teleportation | 2 | 300 |
| Amulet of Spell Shield | 1 | 600 |
| total: | 8 | 2250g |
| Peon | 18 | 1350 | / | 0 |
| Troll Batrider | 10 | 1600 | / | 400 |
| Goblin Shredder | 1 | 375 | / | 100 |
| total: | 29 | 3325g | / | 500w |
| Watch Tower | 39 | 4290 | / | 3120 |
| Altar of Storms | 1 | 180 | / | 50 |
| Orc Burrow | 4 | 640 | / | 160 |
| War Mill | 1 | 205 | / | 0 |
| Voodoo Lounge | 2 | 260 | / | 60 |
| Great Hall | 1 | 385 | / | 185 |
| Beastiary | 2 | 290 | / | 280 |
| Stronghold | 1 | 315 | / | 190 |
| Fortress | 1 | 325 | / | 190 |
| total: | 50 | 6250g | / | 3855w |
| 0:03 | Peon |
| 0:03 | Peon |
| 0:07 | Altar of Storms |
| 0:19 | Orc Burrow |
| 0:21 | Peon |
| 0:38 | Peon |
| 0:49 | War Mill |
| 1:01 | Voodoo Lounge |
| 1:05 | Peon |
| 1:19 | Peon |
| 1:30 | Peon |
| 1:48 | Peon |
| 2:01 | Watch Tower |
| 2:06 | Orc Burrow |
| 2:09 | Wind Walk |
| 2:12 | Healing Salve |
| 2:18 | Peon |
| 2:29 | Watch Tower |
| 2:39 | Peon |
| 2:47 | Watch Tower |
| 3:03 | Peon |
| 3:06 | Watch Tower |
| 3:26 | Peon |
| 3:26 | Peon |
| 3:30 | Watch Tower |
| 3:47 | Critical Strike |
| 3:53 | Peon |
| 3:57 | Watch Tower |
| 4:11 | Stronghold |
| 4:36 | Watch Tower |
| 4:39 | Watch Tower |
| 5:05 | Boots of Speed |
| 5:06 | Staff of Teleportation |
| 5:15 | Watch Tower |
| 5:41 | Watch Tower |
| 6:02 | Watch Tower |
| 7:17 | Great Hall |
| 7:19 | Watch Tower |
| 7:25 | Watch Tower |
| 7:35 | Hex |
| 7:43 | Watch Tower |
| 7:46 | Watch Tower |
| 7:56 | Watch Tower |
| 8:23 | Boots of Speed |
| 8:29 | Staff of Teleportation |
| 8:45 | Watch Tower |
| 9:13 | Watch Tower |
| 9:33 | Beastiary |
| 9:37 | Beastiary |
| 9:51 | Wind Walk |
| 10:04 | Healing Wave |
| 10:12 | Watch Tower |
| 10:13 | Peon |
| 10:13 | Peon |
| 10:14 | Peon |
| 10:14 | Peon |
| 10:16 | Watch Tower |
| 10:49 | Fortress |
| 10:50 | Reinforced Defenses |
| 10:51 | Spiked Barricades |
| 11:06 | Watch Tower |
| 11:10 | Watch Tower |
| 11:14 | Watch Tower |
| 11:20 | Watch Tower |
| 11:21 | Watch Tower |
| 11:59 | Orc Burrow |
| 12:03 | Orc Burrow |
| 12:19 | Troll Batrider |
| 12:20 | Troll Batrider |
| 12:25 | Watch Tower |
| 12:51 | Watch Tower |
| 13:12 | Liquid Fire |
| 13:15 | Troll Batrider |
| 13:33 | Orb of Lightning |
| 13:44 | Watch Tower |
| 13:48 | Troll Batrider |
| 14:06 | Watch Tower |
| 14:23 | Troll Batrider |
| 14:24 | Troll Batrider |
| 15:00 | Watch Tower |
| 15:11 | Watch Tower |
| 15:32 | Healing Wave |
| 15:52 | Voodoo Lounge |
| 16:07 | Steel Ranged Weapons |
| 16:07 | Improved Spiked Barricades |
| 16:08 | Steel Armor |
| 17:04 | Watch Tower |
| 17:05 | Watch Tower |
| 17:07 | Watch Tower |
| 17:09 | Watch Tower |
| 17:32 | Watch Tower |
| 17:40 | Watch Tower |
| 18:40 | Orb of Lightning |
| 18:53 | Watch Tower |
| 18:55 | Watch Tower |
| 19:49 | Troll Batrider |
| 19:49 | Troll Batrider |
| 19:53 | Amulet of Spell Shield |
| 20:02 | Goblin Shredder |
| 20:24 | Critical Strike |
| 20:48 | Troll Batrider |
| 20:52 | Troll Batrider |
| 21:25 | Thorium Ranged Weapons |
| 21:25 | Thorium Armor |
| 23:44 | Critical Strike |
| 23:48 | Hex |
| Right click | 1023 |
| Select | 378 |
| Select group | 205 |
| Use ability | 87 |
| Build/train/purchase | 71 |
| Misc. action | 44 |
| Chat | 21 |
| Assign group | 10 |
| Item give/drop | 10 |
| Esc | 1 |



| Staff of Sanctuary | 3 | 750 |
| Boots of Speed | 3 | 750 |
| Staff of Teleportation | 4 | 600 |
| Orb of Lightning | 1 | 375 |
| Amulet of Spell Shield | 1 | 600 |
| Khadgar's Gem of Health | 2 | 1200 |
| Staff of Silence | 1 | 600 |
| total: | 15 | 4875g |
| Peasant | 21 | 1575 | / | 0 |
| Priest | 1 | 135 | / | 10 |
| Dragonhawk Rider | 3 | 600 | / | 90 |
| Goblin Shredder | 1 | 375 | / | 100 |
| total: | 26 | 2685g | / | 200w |
| Scout Tower | 113 | 3390 | / | 2260 |
| Arcane Tower | 8 | 560 | / | 400 |
| Guard Tower | 34 | 2380 | / | 1700 |
| Altar of Kings | 1 | 180 | / | 50 |
| Farm | 5 | 400 | / | 100 |
| Lumber Mill | 1 | 120 | / | 0 |
| Town Hall | 1 | 385 | / | 205 |
| Arcane Vault | 3 | 390 | / | 90 |
| Blacksmith | 1 | 140 | / | 60 |
| Barracks | 1 | 160 | / | 60 |
| Arcane Sanctum | 1 | 150 | / | 140 |
| Gryphon Aviary | 1 | 140 | / | 150 |
| Keep | 1 | 320 | / | 210 |
| Castle | 1 | 360 | / | 210 |
| total: | 128 | 5455g | / | 3115w |
| 0:04 | Peasant |
| 0:04 | Peasant |
| 0:07 | Altar of Kings |
| 0:21 | Farm |
| 0:23 | Peasant |
| 0:33 | Peasant |
| 0:43 | Farm |
| 0:50 | Scout Tower |
| 0:51 | Peasant |
| 1:00 | Peasant |
| 1:10 | Lumber Mill |
| 1:15 | Peasant |
| 1:20 | Peasant |
| 1:39 | Arcane Tower |
| 1:40 | Scout Tower |
| 1:43 | Scout Tower |
| 1:44 | Peasant |
| 1:46 | Peasant |
| 1:53 | Peasant |
| 2:05 | Scout Tower |
| 2:07 | Peasant |
| 2:14 | Blizzard |
| 2:17 | Guard Tower |
| 2:19 | Scout Tower |
| 2:20 | Peasant |
| 2:20 | Peasant |
| 3:11 | Guard Tower |
| 3:11 | Scout Tower |
| 3:12 | Scout Tower |
| 3:14 | Scout Tower |
| 3:15 | Scout Tower |
| 3:16 | Scout Tower |
| 3:16 | Scout Tower |
| 3:17 | Scout Tower |
| 3:17 | Scout Tower |
| 3:18 | Scout Tower |
| 3:18 | Scout Tower |
| 3:19 | Scout Tower |
| 4:03 | Guard Tower |
| 4:04 | Guard Tower |
| 4:07 | Keep |
| 4:57 | Town Hall |
| 5:06 | Scout Tower |
| 5:11 | Guard Tower |
| 5:20 | Farm |
| 5:21 | Farm |
| 5:25 | Brilliance Aura |
| 5:35 | Scout Tower |
| 5:36 | Scout Tower |
| 5:36 | Scout Tower |
| 5:37 | Scout Tower |
| 5:44 | Boots of Speed |
| 5:44 | Staff of Teleportation |
| 6:00 | Improved Masonry |
| 6:04 | Arcane Tower |
| 6:36 | Guard Tower |
| 6:47 | Improved Lumber Harvesting |
| 6:49 | Arcane Sanctum |
| 7:10 | Blizzard |
| 7:24 | Guard Tower |
| 7:25 | Guard Tower |
| 7:25 | Peasant |
| 7:25 | Peasant |
| 7:25 | Peasant |
| 7:25 | Peasant |
| 7:26 | Peasant |
| 7:27 | Scout Tower |
| 7:27 | Scout Tower |
| 7:39 | Scout Tower |
| 7:39 | Scout Tower |
| 7:40 | Scout Tower |
| 7:40 | Scout Tower |
| 7:45 | Storm Bolt |
| 7:47 | Arcane Vault |
| 8:03 | Boots of Speed |
| 8:03 | Staff of Teleportation |
| 8:11 | Staff of Teleportation |
| 8:28 | Guard Tower |
| 8:29 | Scout Tower |
| 8:31 | Peasant |
| 8:31 | Peasant |
| 8:40 | Advanced Masonry |
| 9:24 | Guard Tower |
| 9:24 | Scout Tower |
| 9:25 | Scout Tower |
| 9:25 | Scout Tower |
| 9:29 | Guard Tower |
| 9:30 | Scout Tower |
| 10:09 | Guard Tower |
| 10:10 | Scout Tower |
| 10:10 | Scout Tower |
| 10:13 | Castle |
| 10:16 | Magic Sentry |
| 10:16 | Priest |
| 10:17 | Priest Adept Training |
| 10:19 | Scout Tower |
| 10:20 | Scout Tower |
| 10:20 | Scout Tower |
| 10:20 | Scout Tower |
| 10:20 | Scout Tower |
| 10:31 | Arcane Vault |
| 10:46 | Guard Tower |
| 11:07 | Bash |
| 11:23 | Goblin Shredder |
| 11:53 | Guard Tower |
| 11:56 | Farm |
| 12:22 | Gryphon Aviary |
| 12:23 | Blacksmith |
| 12:42 | Amulet of Spell Shield |
| 13:02 | Scout Tower |
| 13:02 | Scout Tower |
| 13:03 | Scout Tower |
| 13:03 | Scout Tower |
| 13:04 | Scout Tower |
| 13:04 | Scout Tower |
| 13:05 | Scout Tower |
| 13:05 | Scout Tower |
| 13:06 | Scout Tower |
| 13:07 | Scout Tower |
| 13:10 | Arcane Tower |
| 13:13 | Scout Tower |
| 13:13 | Scout Tower |
| 13:13 | Scout Tower |
| 13:14 | Scout Tower |
| 13:14 | Scout Tower |
| 13:14 | Scout Tower |
| 13:15 | Scout Tower |
| 13:15 | Scout Tower |
| 13:16 | Scout Tower |
| 13:17 | Scout Tower |
| 13:17 | Scout Tower |
| 13:18 | Scout Tower |
| 13:19 | Scout Tower |
| 13:20 | Scout Tower |
| 13:25 | Arcane Tower |
| 13:26 | Imbued Masonry |
| 13:27 | Advanced Lumber Harvesting |
| 13:35 | Barracks |
| 13:40 | Scout Tower |
| 13:41 | Scout Tower |
| 13:42 | Scout Tower |
| 13:42 | Scout Tower |
| 13:43 | Scout Tower |
| 13:43 | Scout Tower |
| 14:18 | Dragonhawk Rider |
| 14:38 | Guard Tower |
| 14:49 | Arcane Vault |
| 14:58 | Brilliance Aura |
| 15:00 | Holy Light |
| 15:15 | Dragonhawk Rider |
| 15:17 | Studded Leather Armor |
| 15:24 | Arcane Tower |
| 15:24 | Guard Tower |
| 15:24 | Guard Tower |
| 15:28 | Staff of Sanctuary |
| 15:48 | Scout Tower |
| 15:48 | Scout Tower |
| 15:49 | Scout Tower |
| 15:49 | Scout Tower |
| 15:49 | Scout Tower |
| 15:50 | Scout Tower |
| 15:51 | Scout Tower |
| 15:51 | Scout Tower |
| 15:51 | Scout Tower |
| 15:52 | Scout Tower |
| 15:54 | Staff of Sanctuary |
| 16:02 | Boots of Speed |
| 16:02 | Staff of Teleportation |
| 16:19 | Arcane Tower |
| 16:19 | Guard Tower |
| 16:20 | Guard Tower |
| 16:29 | Khadgar's Gem of Health |
| 16:36 | Staff of Silence |
| 16:47 | Guard Tower |
| 16:50 | Scout Tower |
| 16:51 | Scout Tower |
| 16:51 | Scout Tower |
| 16:53 | Scout Tower |
| 16:53 | Scout Tower |
| 16:59 | Animal War Training |
| 17:01 | Scout Tower |
| 17:01 | Scout Tower |
| 17:02 | Scout Tower |
| 17:02 | Scout Tower |
| 17:02 | Scout Tower |
| 17:03 | Scout Tower |
| 17:03 | Scout Tower |
| 17:11 | Reinforced Leather Armor |
| 17:13 | Dragonhawk Rider |
| 17:14 | Cloud |
| 17:20 | Arcane Tower |
| 17:23 | Guard Tower |
| 17:31 | Khadgar's Gem of Health |
| 17:54 | Orb of Lightning |
| 18:25 | Guard Tower |
| 19:03 | Staff of Sanctuary |
| 19:24 | Guard Tower |
| 19:27 | Scout Tower |
| 19:27 | Scout Tower |
| 19:28 | Scout Tower |
| 19:28 | Scout Tower |
| 19:31 | Arcane Tower |
| 19:31 | Guard Tower |
| 19:35 | Scout Tower |
| 19:35 | Scout Tower |
| 19:36 | Scout Tower |
| 19:36 | Scout Tower |
| 19:37 | Scout Tower |
| 19:37 | Scout Tower |
| 19:37 | Scout Tower |
| 19:39 | Scout Tower |
| 19:39 | Scout Tower |
| 19:40 | Scout Tower |
| 20:23 | Storm Bolt |
| 21:32 | Guard Tower |
| 21:34 | Guard Tower |
| 21:37 | Scout Tower |
| 21:38 | Scout Tower |
| 21:39 | Scout Tower |
| 21:39 | Scout Tower |
| 21:58 | Guard Tower |
| 22:01 | Guard Tower |
| 22:02 | Scout Tower |
| 22:03 | Scout Tower |
| 22:03 | Scout Tower |
| 22:04 | Scout Tower |
| 23:18 | Divine Shield |
| 23:48 | Brilliance Aura |
| Right click | 1675 |
| Select | 535 |
| Select group | 341 |
| Build/train/purchase | 142 |
| Chat | 97 |
| Use ability | 51 |
| Assign group | 18 |
| Misc. action | 13 |
| Minimap ping | 11 |
| Item give/drop | 10 |



| Healing Salve | 3 | 300 |
| Orb of Lightning | 1 | 375 |
| Tiny Great Hall | 2 | 1200 |
| total: | 6 | 1875g |
| Peon | 11 | 825 | / | 0 |
| Grunt | 3 | 600 | / | 0 |
| Troll Headhunter | 3 | 420 | / | 60 |
| Raider | 1 | 180 | / | 40 |
| Wind Rider | 5 | 1325 | / | 200 |
| Troll Berserker | 1 | 140 | / | 20 |
| Tauren | 4 | 1120 | / | 320 |
| Troll Witch Doctor | 2 | 290 | / | 50 |
| Demolisher | 1 | 220 | / | 50 |
| Goblin Shredder | 1 | 375 | / | 100 |
| total: | 32 | 5495g | / | 840w |
| Orc Burrow | 9 | 1440 | / | 360 |
| Altar of Storms | 1 | 180 | / | 50 |
| Barracks | 1 | 180 | / | 50 |
| War Mill | 1 | 205 | / | 0 |
| Voodoo Lounge | 1 | 130 | / | 30 |
| Beastiary | 1 | 145 | / | 140 |
| Spirit Lodge | 1 | 150 | / | 150 |
| Tauren Totem | 1 | 135 | / | 155 |
| Stronghold | 1 | 315 | / | 190 |
| Fortress | 1 | 325 | / | 190 |
| total: | 16 | 2565g | / | 935w |
| 0:16 | Peon |
| 0:23 | Orc Burrow |
| 0:29 | Peon |
| 0:35 | Altar of Storms |
| 0:40 | Peon |
| 0:57 | Barracks |
| 0:58 | Peon |
| 1:08 | Peon |
| 1:19 | Peon |
| 1:45 | Peon |
| 1:52 | Orc Burrow |
| 1:55 | Orc Burrow |
| 2:06 | Grunt |
| 2:24 | War Mill |
| 2:47 | Grunt |
| 2:55 | Critical Strike |
| 3:09 | Grunt |
| 3:37 | Stronghold |
| 3:50 | Troll Headhunter |
| 4:31 | Wind Walk |
| 4:55 | Voodoo Lounge |
| 5:03 | Orc Burrow |
| 5:13 | Troll Headhunter |
| 5:14 | Troll Headhunter |
| 5:18 | Steel Armor |
| 6:08 | Beastiary |
| 7:28 | Healing Wave |
| 7:48 | Healing Salve |
| 7:49 | Healing Salve |
| 8:44 | Critical Strike |
| 8:48 | Steel Melee Weapons |
| 8:48 | Steel Ranged Weapons |
| 8:50 | Fortress |
| 8:58 | Spirit Lodge |
| 9:00 | Raider |
| 10:53 | Thorium Armor |
| 11:57 | Orc Burrow |
| 12:15 | Orc Burrow |
| 12:24 | Serpent Ward |
| 13:08 | Orb of Lightning |
| 13:13 | Endurance Aura |
| 13:14 | Tiny Great Hall |
| 13:24 | Tauren Totem |
| 13:29 | Thorium Ranged Weapons |
| 14:30 | Peon |
| 14:30 | Peon |
| 14:30 | Peon |
| 14:33 | Peon |
| 14:40 | Berserker Upgrade |
| 14:44 | Thorium Melee Weapons |
| 14:47 | Witch Doctor Adept Training |
| 14:51 | Ensnare |
| 15:42 | Goblin Shredder |
| 16:00 | Arcanite Armor |
| 16:21 | Orc Burrow |
| 17:03 | Wind Rider |
| 17:06 | Troll Berserker |
| 17:07 | Troll Regeneration |
| 17:10 | Tauren |
| 17:10 | Tauren |
| 17:24 | Witch Doctor Master Training |
| 17:53 | Wind Rider |
| 18:01 | Tauren |
| 18:06 | Troll Witch Doctor |
| 18:06 | Troll Witch Doctor |
| 18:17 | Wind Rider |
| 18:19 | Envenomed Spears |
| 18:43 | Tauren |
| 18:49 | Orc Burrow |
| 18:53 | Wind Rider |
| 19:45 | Shockwave |
| 19:48 | Healing Wave |
| 19:54 | Mirror Image |
| 20:58 | Endurance Aura |
| 21:35 | Hex |
| 21:37 | Wind Rider |
| 21:39 | Arcanite Ranged Weapons |
| 21:49 | Tiny Great Hall |
| 22:04 | Orc Burrow |
| 22:19 | Healing Salve |
| 22:41 | Demolisher |
| 22:52 | Arcanite Melee Weapons |
| 22:57 | Pulverize |
| 23:22 | Critical Strike |
| Right click | 886 |
| Select | 324 |
| Build/train/purchase | 83 |
| Select group | 55 |
| Use ability | 30 |
| Assign group | 11 |
| Chat | 8 |
| Remove unit | 7 |
| Item give/drop | 4 |
| Misc. action | 1 |